AoeStats
← acp961

Oasis

509799194Analyzed
4v4 RM · 4d ago on Sep 28, 2026· 52m 43s· 8 players
Game mode
Random Map
Map size
Large (8 player)
Population
200
Speed
Normal
Resources
Standard
Victory
Conquest
Starting age
Dark Age
Ending age
Imperial Age
RankedLock teamsTeams togetherTeam positionsShared explorationLock speedFull tech treeHidden civsTurbo modeCheats
Victory
Defeat
🇲🇽 Slavs · Mexico
1169
+13
🇲🇽 Ethiopians · Mexico
1147
+14
🇲🇽 Magyars · Mexico
1120
+15
🇹🇼 Sicilians · Taiwan
1088
+18
🇵🇪 Portuguese · Peru
1149
-16
🇰🇿 Inca · Kazakhstan
1104
-15
🇵🇪 Mongols · Peru
1098
-15
1078
-14
fmk1199
10:41 Feudal Age
9:27 Loom
12:29 Town Watch
15:47 Castle Age
14:32 Horse Collar
14:53 Double-Bit Axe
16:17 Wheelbarrow
15:38 Stone Mining
19:42 Fletching
26:05 Bow Saw
28:20 Murder Holes
29:07 Gold Mining
30:57 Guard Tower
31:19 Masonry
31:08 Bodkin Arrow
33:34 Wheelbarrow
33:20 Scale Mail Armor
33:30 Forging
33:29 Squires
33:15 Arson
34:07 Fortified Wall
34:27 Chain Mail Armor
34:23 Heavy Plow
35:58 Gold Shaft Mining
36:11 Hand Cart
35:58 Town Patrol
38:19 Iron Casting
38:31 Stone Shaft Mining
41:51 Imperial Age
41:11 Treadmill Crane
43:25 Hoardings
43:59 Keep
44:56 Conscription
acp961
7:46 Loom
10:19 Feudal Age
8:35 Loom
17:42 Castle Age
15:34 Double-Bit Axe
16:02 Horse Collar
19:13 Bow Saw
20:21 Stone Mining
20:21 Gold Mining
24:52 Fletching
26:43 Heavy Plow
27:02 Gold Mining
27:02 Stone Mining
27:51 Padded Archer Armor
27:47 Bodkin Arrow
27:59 Scale Barding Armor
29:05 Wheelbarrow
29:16 Stone Shaft Mining
29:17 Gold Shaft Mining
31:40 Gold Shaft Mining
32:00 Hand Cart
33:00 Thumb Ring
36:25 Imperial Age
34:21 Leather Archer Armor
34:17 Forging
34:28 Chain Barding Armor
36:43 Iron Casting
36:08 Scale Mail Armor
36:33 Elite Mangudai
38:58 Chemistry
37:54 Murder Holes
44:44 Bracer
45:45 Blast Furnace
45:17 Ballistics
这游戏有人类队友吗
8:54 Loom
12:59 Feudal Age
14:51 Double-Bit Axe
36:54 Horse Collar
44:42 Castle Age
Xavi-10-
7:26 Loom
9:39 Feudal Age
10:42 Double-Bit Axe
16:31 Gold Mining
21:50 Castle Age
20:39 Bloodlines
22:13 Scale Barding Armor
23:37 Wheelbarrow
25:12 Husbandry
29:30 Forging
30:19 Bow Saw
29:50 Horse Collar
34:04 Town Watch
34:40 Stone Mining
39:02 Imperial Age
38:33 Stone Shaft Mining
38:35 Chain Barding Armor
38:17 Fletching
38:40 Circumnavigation
39:14 Hand Cart
39:19 Cavalier
42:20 Bodkin Arrow
43:07 Bracer
44:00 Pikeman
46:42 Scale Mail Armor
48:39 Chemistry
47:11 Light Cavalry
JU ju Ju
6:03 Loom
10:35 Feudal Age
11:09 Double-Bit Axe
15:30 Horse Collar
22:41 Castle Age
21:10 Forging
21:54 Scale Mail Armor
27:45 Bow Saw
28:34 Gold Mining
29:32 Chain Mail Armor
29:52 Iron Casting
30:55 Heavy Plow
31:21 Squires
30:53 Pikeman
34:31 Imperial Age
33:13 Wheelbarrow
35:06 Hand Cart
34:37 Man-at-Arms
36:01 Halberdier
36:08 Long Swordsman
37:01 Two-Handed Swordsman
38:17 Plate Mail Armor
38:49 Gold Shaft Mining
38:07 Stone Mining
38:50 Crop Rotation
40:56 Blast Furnace
40:01 Champion
42:09 Druzhina
43:40 Conscription
43:53 Detinets
44:10 Town Watch
46:24 Two-Man Saw
48:24 Spies/Treason
Dinospunker
7:12 Loom
9:52 Feudal Age
10:22 Double-Bit Axe
12:50 Fletching
21:56 Castle Age
20:57 Gold Mining
20:49 Horse Collar
21:41 Padded Archer Armor
22:15 Crossbowman
22:52 Bodkin Arrow
24:08 Leather Archer Armor
25:42 Bow Saw
31:12 Wheelbarrow
30:24 Town Watch
33:56 Imperial Age
35:34 Ballistics
34:45 Arbalester
35:09 Capped Ram
36:58 Bracer
38:26 Chemistry
37:52 Hand Cart
38:50 Conscription
41:41 Two-Man Saw
40:42 Heavy Plow
44:35 Siege Engineers
44:56 Thumb Ring
47:46 Ring Archer Armor
47:27 Forging
47:17 Scale Mail Armor
50:05 Fortified Wall
50:45 Town Patrol
53:23 Iron Casting
52:51 Royal Heirs
DevilRunner
3:00 Loom
5:39 Loom
8:32 Feudal Age
9:13 Double-Bit Axe
16:30 Wheelbarrow
16:03 Horse Collar
21:29 Castle Age
20:20 Scale Barding Armor
20:50 Bloodlines
21:20 Gold Mining
22:32 Husbandry
24:00 Chain Barding Armor
27:27 Hand Cart
35:26 Imperial Age
34:41 Heavy Plow
35:40 Cavalier
37:04 Plate Barding Armor
37:38 Paladin
42:31 Light Cavalry
50:34 Stone Mining
雷隊友
6:03 Loom
12:45 Feudal Age
13:50 Double-Bit Axe
21:56 Horse Collar
26:40 Wheelbarrow
29:24 Castle Age
29:27 Forging
31:33 Iron Casting
30:27 Pikeman
30:36 Pikeman
31:40 Heavy Plow
31:58 Scale Mail Armor
33:36 Fletching
34:02 Chain Mail Armor
35:13 Bow Saw
36:13 Chain Mail Armor
41:09 Hand Cart
45:40 Imperial Age
44:32 Padded Archer Armor
44:03 Elite Skirmisher
Connection lost

Rejoining the realm…

Still unreachable

The connection could not be restored.

Session expired

The server has moved on; the page needs a fresh start.